 Dungeon Crawl Stone Soup version 0.27.1-1-g398f81649c (webtiles) character file.

Game seed: 4411667286678225508

19 Sub the Caller (level 2, 0/19 HPs)
             Began as a Human Summoner on Sept 5, 2021.
             Was a Follower of Qazlal.
             Slain by an adder (1 damage)
             ... on level 2 of the Dungeon.
             The game lasted 00:14:35 (1666 turns).

Sub the Caller (Human Summoner)                     Turns: 1666, Time: 00:14:36

Health: 0/19       AC:  2    Str:  8    XL:     2   Next: 95%
Magic:  2/5        EV: 12    Int: 15    God:    Qazlal [*.....]
Gold:   76         SH:  2    Dex: 13    Spells: 2/5 levels left

rFire    . . .     SeeInvis .   (no weapon)
rCold    . . .     Faith    .   (no shield)
rNeg     . . .     Spirit   .   a - +0 robe
rPois    .         Reflect  .   (no helmet)
rElec    .         Harm     .   (no cloak)
rCorr    .         Rampage  .   (no gloves)
Will     .....                  (no boots)
Stlth    ++........             (no amulet)
HPRegen  0.06/turn              (no ring)
MPRegen  0.09/turn              (no ring)

@: no status effects
A: no striking features
a: Renounce Religion


You were on level 2 of the Dungeon.
You worshipped Qazlal.
Qazlal was aware of your devotion.
You visited 1 branch of the dungeon, and saw 2 of its levels.

You collected 76 gold pieces.

Inventory:

Missiles
 b - 48 stones
 c - 5 curare-tipped darts
Armour
 a - a +0 robe (worn)
Scrolls
 d - a scroll of noise


   Skills:
 + Level 0.1 Fighting
 + Level 2.1 Dodging
 + Level 2.0 Stealth
 + Level 2.2 Spellcasting
 + Level 4.5 Summonings


You had 2 spell levels left.
You knew the following spells:

 Your Spells              Type           Power      Damage    Failure   Level
a - Summon Small Mammal   Summ           60%        N/A       3%          1
b - Call Imp              Summ           15%        N/A       5%          2

Your spell library contained the following spells:

 Spells                   Type           Power      Damage    Failure   Level
 Call Canine Familiar     Summ           15%        N/A       11%         3
 Summon Guardian Golem    Hex/Summ       8%         N/A       26%         3
 Summon Lightning Spire   Summ/Air       8%         N/A       65%         4


Dungeon Overview and Level Annotations

Branches:
Dungeon (2/15)

Altars:
Qazlal
Vehumet


Message History

Orders for allies: a - Attack new target. p - Attack previous target. r - Retreat! s - Stop attacking. g - Guard the area. f - Follow me.
Anything else - Cancel.
Gang up on whom?
Press: ? - help, Dir - move target, f/p - adder
Aim: an adder (ally target) Attack!
The adder bites you.
You are poisoned.
The adder poisons you! The adder bites you but does no damage.
You feel sick.
You feel sick.
Your rat bites the adder.
You feel sick.
You feel sick.
You are no longer poisoned.
The adder closely misses you.
You hit the adder.
The adder is moderately wounded.
The adder misses you.
You hit the adder.
The adder is heavily wounded.
Your rat closely misses the adder.
The adder bites you but does no damage.
You barely miss the adder.
The adder is heavily wounded.
The adder bites you but does no damage.
Your rat barely misses the adder.
The adder bites you.
* * * LOW HITPOINT WARNING * * *
You barely miss the adder.
The adder is heavily wounded.
Your crimson imp disappears in a puff of smoke!
Your rat bites the adder.
The adder bites your rat.
Your rat dies!
Your rat's corpse disappears in a puff of smoke!
You barely miss the adder.
The adder is severely wounded.
The adder bites you but does no damage.
You hit the adder but do no damage.
The adder is severely wounded.
The adder bites you.
You die...

###.# #.# # ##.#.###..###### #
##..#..#.#......######
##...'...##............ ###+#
##....#†..........##.###
#.....#.....#.####>#######.###
#..$..#....##.# #.# #....
+.(.(.'...###S####.#### #.##.
#$.=..#..## #@#...w...# #.##.
#.?...#.## #.#.......# #....
###+# ### #.#.......# ####.
+.#.......# #. #.#.......# #.
#.#.......# #. #.........#
####. #..######## #....
#+#####.## #.###


You could see an adder.

Vanquished Creatures (collateral kills)
  An adder (D:2)
  A worm (D:2)
  A dart slug (D:1)
  3 endoplasms
  5 hobgoblins
  2 ball pythons
  A bat (D:1)
  A frilled lizard (D:1)
  2 kobolds
  2 rats (D:1)
19 creatures vanquished.

Notes
Turn   | Place    | Note
-------+----------+-------------------------------------------
     0 | D:1      | Sub the Human Summoner began the quest for the Orb.
     0 | D:1      | Reached XP level 1. HP: 13/13 MP: 3/3
   549 | D:1      | Found a faded altar of an unknown god.
   602 | D:1      | Became a worshipper of Qazlal Stormbringer
   602 | D:1      | Reached * piety under Qazlal
   781 | D:1      | Reached XP level 2. HP: 16/19 MP: 1/5
   848 | D:1      | Learned a level 2 spell: Call Imp
  1302 | D:1      | Found a radiant altar of Vehumet.
  1666 | D:2      | Slain by an adder

Illustrated notes

Levels and vault maps discovered:
D:1:      dpeg_arrival_lava_altar, layout_basic, ebering_ecumenical_altar_ruins,
          ebering_dispersal_statue_hall
D:2:      layout_loops_cross, minmay_quadrilaterals, uniq_jessica

Action                   || total
-------------------------++-------
Melee: Unarmed           ||     8
 Cast: Summon Small Mamm ||    29
       Call Imp          ||    13
  Use: Scroll            ||     4
Armor: Robe              ||     9
Dodge: Dodged            ||    23
Block: Other             ||     1
